 Dungeon Crawl Stone Soup version 0.28-a0-1429-gf3d713df7a (webtiles) character file.

Game seed: 3022859313818127464

141 MacCMillion the Skirmisher (level 5, 0/42 HPs)
             Began as a Demonspawn Fighter on Jan 8, 2022.
             Slain by an adder (3 damage)
             ... on level 3 of the Dungeon.
             The game lasted 00:04:00 (2694 turns).

MacCMillion the Skirmisher (Demonspawn Fighter)     Turns: 2694, Time: 00:04:00

Health: 0/42       AC:  6    Str: 19    XL:     5   Next: 3%
Magic:  5/5        EV:  9    Int:  9    God:
Gold:   82         SH:  8    Dex: 12    Spells: 4/4 levels left

rFire   . . .      SeeInvis .   a - +0 rapier
rCold   . . .      Faith    .   c - +0 buckler
rNeg    . . .      Spirit   .   b - +0 scale mail
rPois   .          Reflect  .   (no helmet)
rElec   .          Harm     .   (no cloak)
rCorr   .          Rampage  .   (no gloves)
Will    .....                   (no boots)
Stlth   ..........              (no amulet)
HPRegen 0.14/turn               (no ring)
MPRegen 0.09/turn               (no ring)

@: mighty, lethally poisoned (0 -> -5), attractive
A: claws 1, sturdy frame 1, condensation shield
a: no special abilities


You were on level 3 of the Dungeon.
You visited 1 branch of the dungeon, and saw 3 of its levels.

You collected 82 gold pieces.

Inventory:

Hand Weapons
 a - a +0 rapier (weapon)
Armour
 b - a +0 scale mail (worn)
 c - a +0 buckler (worn)
Jewellery
 o - a ring of wizardry
Wands
 n - a wand of iceblast (8)
Scrolls
 e - 4 scrolls of teleportation {unknown}
 f - 2 scrolls of identify {unknown}
 g - a scroll of fog {unknown}
 i - a scroll of holy word {unknown}
 j - a scroll of acquirement {unknown}
 k - a scroll of brand weapon {unknown}
 m - a scroll of immolation {unknown}
 p - a scroll of blinking {unknown}
 q - a scroll of silence {unknown}


   Skills:
 + Level 3.8 Fighting
 + Level 2.8 Short Blades
 + Level 3.4 Armour
 + Level 3.4 Shields


You had 4 spell levels left.
You didn't know any spells.
Your spell library contained the following spells:

 Spells                   Type           Power      Damage    Failure   Level
 Corpse Rot               Necr/Air       0%         N/A       85%         2
 Dispel Undead            Necr           0%         3d6       100%        4
 Hailstorm                Conj/Ice       0%         3d3       100%        4
 Ice Form                 Ice/Tmut       0%         N/A       100%        4
 Death Channel            Necr           0%         N/A       100%        6
 Simulacrum               Ice/Necr       0%         N/A       100%        6


Dungeon Overview and Level Annotations

Branches:
Dungeon (3/15)

Altars:
Makhleb


Innate Abilities, Weirdness & Mutations

You have sharp fingernails.
Your movements are slightly less encumbered by armour. (ER -2)
A meltable shield of frost defends you. (SH +4)


Message History

The hound bites you. The hound bites you.
You closely miss the hound.
The hound is moderately wounded.
The hound bites you.
* * * LOW HITPOINT WARNING * * *
The hound bites you but does no damage. The adder bites you but does no damage.
The hound bites you but does no damage. The hound closely misses you.
You block the adder's attack.
You barely miss the hound.
The hound is moderately wounded.
The hound barely misses you. The hound closely misses you.
Unknown command.
You feel very mighty all of a sudden. The hound bites you but does no damage.
You puncture the hound!
The hound is almost dead.
The hound closely misses you. The hound bites you but does no damage.
You puncture the hound!
You kill the hound!
The adder bites you.
* * * LOW HITPOINT WARNING * * *
You are poisoned.
The adder poisons you!
You have reached level 5!
Your demonic ancestry asserts itself...
Frost condenses into a shield before you.
You barely miss the adder.
You feel sick. The adder bites you.
* * * LOW HITPOINT WARNING * * *
You are lethally poisoned!
The adder poisons you!
It was a potion of attraction.
You feel attractive to monsters.
* * * LOW HITPOINT WARNING * * *
You feel sick. You block the adder's attack. The adder closely misses you.
It was a potion of magic.
Magic courses through your body.
* * * LOW HITPOINT WARNING * * *
You feel sick. The adder bites you.
You die...

#####...####.#.# #........#
#..<. ### #........####.#.#
...# #...........#.#.# #..#
##...........#.#.# #..#
#............+..># ##
#..##......(.....#...# #.
#..#............###.# #..
##rS@...............# #..#
##JB#.######......#### #..##
##..##.# #..........
#.J###..#.#.# ####......###.
#.#†.#..#.##.# #.........#...
#.#.#.).#.#.#.###.........####
# ###########.............####
+.................
#.......####......


You could see an adder, an endoplasm, a giant cockroach and a rat.

Vanquished Creatures
  A hound (D:3)
  5 adders
  A worm (D:2)
  6 dart slugs
  An orc (D:3)
  6 bats
  5 endoplasms
  A giant cockroach (D:2)
  4 goblins (D:1)
  5 hobgoblins
  3 quokkas (D:1)
  3 ball pythons
  5 frilled lizards
  4 kobolds
  2 rats (D:1)
52 creatures vanquished.

Notes
Turn   | Place    | Note
-------+----------+-------------------------------------------
     0 | D:1      | MacCMillion the Demonspawn Fighter began the quest for the
                  | Orb.
     0 | D:1      | Reached XP level 1. HP: 18/18 MP: 1/1
   264 | D:1      | Gained mutation: Your movements are slightly less
                  | encumbered by armour. (ER -2) [demonic ancestry]
   264 | D:1      | Reached XP level 2. HP: 22/24 MP: 2/2
   798 | D:1      | Reached XP level 3. HP: 29/29 MP: 3/3
  1653 | D:2      | Gained mutation: You have sharp fingernails. [demonic
                  | ancestry]
  1653 | D:2      | Reached XP level 4. HP: 34/35 MP: 4/4
  1939 | D:2      | Found a faded altar of an unknown god.
  2574 | D:3      | Found a burning altar of Makhleb.
  2595 | D:3      | Noticed a cacodemon
  2599 | D:3      | Noticed a hellwing
  2599 | D:3      | Noticed a ynoxinul
  2692 | D:3      | Gained mutation: A meltable shield of frost defends you.
                  | (SH +4) [demonic ancestry]
  2692 | D:3      | Reached XP level 5. HP: 11/42 MP: 5/5
  2694 | D:3      | Slain by an adder

Illustrated notes

Levels and vault maps discovered:
D:1:      dpeg_arrival_stone_temple_mockup, layout_basic, grunt_decor_one_mirror
D:2:      layout_rooms, shapermc_ecumenical_altar_totnotflames
D:3:      minmay_diamond_boxcup, layout_basic, makhleb_altar_promises_db,
          serial_curves, eino_curves_04, eino_curves_03

Skill      XL: |  1  2 |
---------------+-------+-----
Short Blades   | 2 |  2.8
Armour         | 3 |  3.4
Shields        | 3 |  3.4
Fighting       | |  3.8

Action                   |  1- 3 |  4- 6 || total
-------------------------+-------+-------++-------
Melee: Rapier            |   109 |    92 ||   201
  Use: Potion            |       |     3 ||     3
Armor: Scale mail        |    43 |    51 ||    94
Dodge: Dodged            |    37 |    58 ||    95
Block: Buckler           |    14 |    21 ||    35

Table legend: (Time is in decaauts)
 A = Elapsed time spent in this place.
 B = Non-inter-level travel time spent in this place.
 C = Inter-level travel time spent in this place.
 D = Time resting spent in this place.
 E = Time spent auto-exploring this place.
 F = Levels seen in this place.
 G = Mean time per level.
                   A        B        C        D        E       F      G
               +--------+--------+--------+--------+--------+-----+--------+
         Total |   2721 |   2628 |     93 |    310 |   1862 |   3 |  907.0 |
       Dungeon |   2721 |   2628 |     93 |    310 |   1862 |   3 |  907.0 |
               +--------+--------+--------+--------+--------+-----+--------+

Top non-repeatable levels by time:
     D:1: 1473 daAuts
     D:2: 788 daAuts
     D:3: 460 daAuts
